 Dungeon Crawl Stone Soup version 0.29-a0-222-g5b244fca1f (webtiles) character file.

Game seed: 1163497319493147632

48 tognito the Chopper (level 3, -1/49 HPs)
             Began as a Minotaur Berserker on Feb 27, 2022.
             Was a Believer of Trog.
             Slain by an iguana (8 damage)
             ... on level 3 of the Dungeon.
             The game lasted 00:02:34 (1818 turns).

tognito the Chopper (Minotaur Berserker)            Turns: 1818, Time: 00:02:35

Health: -1/49      AC:  6    Str: 23    XL:     3   Next: 50%
Magic:  0/2        EV: 11    Int:  4    God:    Trog [**....]
Gold:   98         SH:  0    Dex:  9    Spells: 2/2 levels left

rFire   . . .      SeeInvis .   a - +0 hand axe
rCold   . . .      Faith    .   (no shield)
rNeg    . . .      Spirit   +   l - +0 ring mail
rPois   .          Reflect  .   (helmet restricted)
rElec   .          Harm     .   (no cloak)
rCorr   .          Rampage  .   g - +0 pair of gloves
Will    .....                   (no boots)
Stlth   ..........              p - amulet of guardian spirit
HPRegen 0.16/turn               (no ring)
MPRegen 0.08/turn               (no ring)

@: berserking, very quick
A: horns 2, retaliatory headbutt
a: Renounce Religion, Berserk, Trog's Hand


You were on level 3 of the Dungeon.
You worshipped Trog.
Trog was pleased with you.
You visited 1 branch of the dungeon, and saw 3 of its levels.

You collected 98 gold pieces.

Inventory:

Hand Weapons
 a - a +0 hand axe (weapon)
Armour
 g - a +0 pair of gloves (worn)
 l - a +0 ring mail (worn)
Jewellery
 p - an amulet of guardian spirit (around neck)
Scrolls
 d - a scroll of vulnerability {unknown}
 e - 3 scrolls of teleportation {unknown}
 h - a scroll of summoning {unknown}
 i - 4 scrolls of identify {unknown}
 k - a scroll of holy word {unknown}
 n - a scroll of fear {unknown}
Potions
 b - a potion of curing {unknown}
 c - 2 potions of flight {unknown}
 f - a potion of brilliance {unknown}
 j - a potion of degeneration {unknown}
 m - a potion of might {unknown}
 o - 2 potions of resistance {unknown}


   Skills:
 + Level 4.0 Fighting
 * Level 4.3 Axes
 + Level 1.2 Throwing
 + Level 2.9 Armour
 + Level 2.6 Dodging


You had 2 spell levels left.
You didn't know any spells.
Your spell library was empty.

Dungeon Overview and Level Annotations

Branches:
Dungeon (3/15)

Altars:
Cheibriados


Innate Abilities, Weirdness & Mutations

You have a pair of horns on your head.
You reflexively headbutt those who attack you in melee.


Message History

p - an amulet of guardian spirit You start putting on your amulet.
You continue putting on your amulet of guardian spirit. x5
You finish putting on your amulet of guardian spirit.
You feel your power drawn to a protective spirit.
p - an amulet of guardian spirit (around neck) Done exploring.
(D) Dungeon
Where to? (Enter - D:2 @ (x,y), ? - help)
There is a stone staircase leading down here.
You climb downwards.
Found an Everburning Encyclopedia.
There is a stone staircase leading up here.
A rat comes into view.
You barely miss the rat. You headbutt the rat.
You kill the rat!
Trog accepts your kill.
You see here a rat corpse.
Found a stone staircase leading up.
There is a stone staircase leading up here.
An iguana comes into view.
The iguana hisses angrily.
You completely miss the iguana. The iguana bites you.
You closely miss the iguana. The iguana bites you!
You barely miss the iguana. The iguana bites you.
You barely miss the iguana.
You headbutt the iguana, but do no damage.
The iguana misses you.
You hit the iguana.
You headbutt the iguana, but do no damage.
The iguana is moderately wounded.
The iguana bites you.
* * * LOW HITPOINT WARNING * * *
A red film seems to cover your vision as you go berserk!
You feel yourself moving faster!
You feel mighty! The iguana bites you!
* * * LOW HITPOINT WARNING * * *
You closely miss the iguana.
The iguana is moderately wounded.
The iguana bites you!
You die...

# #.# # #<# #.# #:# ##
#.. .# ### .# ### .#
#######.###l######
#######.........@.......
........#...........####
#######..<#######.#.#
#######.# .# # #.....#.#
.# ###.....#.# .#
..........# .#
###.....### .. #.....#


You could see an iguana.

Vanquished Creatures
  An adder (D:2)
  A bat (D:1)
  7 endoplasms
  A giant cockroach (D:1)
  3 goblins
  5 hobgoblins
  4 jackals (D:1)
  4 ball pythons
  A frilled lizard (D:2)
  4 kobolds
  4 rats
35 creatures vanquished.

Notes
Turn   | Place    | Note
-------+----------+-------------------------------------------
     0 | D:1      | tognito the Minotaur Berserker began the quest for the Orb.
     0 | D:1      | Reached XP level 1. HP: 19/19 MP: 0/0
    89 | D:1      | Reached XP level 2. HP: 24/27 MP: 1/1
   514 | D:1      | Reached skill level 1 in Throwing
   625 | D:1      | Reached ** piety under Trog
   626 | D:1      | Reached XP level 3. HP: 32/33 MP: 2/2
  1035 | D:2      | Found a snail-covered altar of Cheibriados.
  1818 | D:3      | Slain by an iguana

Illustrated notes

Levels and vault maps discovered:
D:1:      minmay_arrival_wavy_path, layout_basic, minmay_misc_feat_cross,
          nicolae_concentric_dashed_squares_mild
D:2:      layout_basic, basic_altar
D:3:      layout_loops_ring, st_stairs_5, pf_guarded_unrand_meek

Skill      XL: |  1  2  3 |
---------------+----------+-----
Axes           | 4 |  4.3
Throwing       | 1 |  1.2
Fighting       | 4 |  4.0
Armour         | |  2.9
Dodging        | |  2.6

Action                   || total
-------------------------++-------
Melee: Hand axe          ||    72
       Headbutt          ||    10
Invok: Berserk           ||     1
  Use: Potion            ||     1
Armor: Animal skin       ||    14
       Ring mail         ||     7
Dodge: Dodged            ||    38

Table legend: (Time is in decaauts)
 A = Elapsed time spent in this place.
 B = Non-inter-level travel time spent in this place.
 C = Inter-level travel time spent in this place.
 D = Time resting spent in this place.
 E = Time spent auto-exploring this place.
 F = Levels seen in this place.
 G = Mean time per level.
                   A        B        C        D        E       F      G
               +--------+--------+--------+--------+--------+-----+--------+
         Total |   1824 |   1770 |     54 |      6 |   1503 |   3 |  608.0 |
       Dungeon |   1824 |   1770 |     54 |      6 |   1503 |   3 |  608.0 |
               +--------+--------+--------+--------+--------+-----+--------+

Top non-repeatable levels by time:
     D:2: 957 daAuts
     D:1: 806 daAuts
     D:3: 60 daAuts
